 Dungeon Crawl Stone Soup version 0.28-a0-1334-g1c9ffb4daf (webtiles) character file.

Game seed: 12348801171513645534

85 Cheeritup the Grave Robber (level 4, -2/34 HPs)
             Began as a Ghoul Necromancer on Dec 27, 2021.
             Was a Follower of Vehumet.
             Slain by a gnoll (5 damage)
             ... on level 3 of the Dungeon.
             The game lasted 00:11:13 (1865 turns).

Cheeritup the Grave Robber (Ghoul Necromancer)      Turns: 1865, Time: 00:11:13

Health: -2/34      AC:  6    Str: 11    XL:     4   Next: 48%
Magic:  7/7        EV: 10    Int: 12    God:    Vehumet [*.....]
Gold:   83         SH:  0    Dex:  9    Spells: 6/8 levels left

rFire   + . .      SeeInvis .   h - +5 spear of Peril {freeze, Fly rF+ Will- rCorr}
rCold   + . .      Faith    .   (no shield)
rNeg    + + +      Spirit   .   f - +0 ring mail
rPois   ∞          Reflect  .   (no helmet)
rElec   .          Harm     .   (no cloak)
rCorr   +          Rampage  .   (no gloves)
Will    .....                   m - +0 pair of boots
Stlth   +.........              b - amulet of magic regeneration
HPRegen 0.00/turn               (no ring)
MPRegen 0.50/turn               (no ring)

@: flying, inhibited regen
A: claws 1, cold resistance 1, negative energy resistance 3, inhibited
regeneration, torment resistance 2
a: Renounce Religion


You were on level 3 of the Dungeon.
You worshipped Vehumet.
Vehumet was aware of your devotion.
You visited 1 branch of the dungeon, and saw 3 of its levels.

You collected 83 gold pieces.

Inventory:

Hand Weapons
 g - a +1 dagger of pain
 h - the +5 spear of Peril (weapon) {freeze, Fly rF+ Will- rCorr}
   (You found it on level 2 of the Dungeon)

   It freezes those it strikes, dealing additional cold damage.
   It can also slow down cold-blooded creatures.
   rF:        It protects you from fire.
   Fly:       It grants you flight.
   rCorr:     It protects you from acid and corrosion.
   Will:      It decreases your willpower.
 i - a +0 mace of draining
Missiles
 c - 3 curare-tipped darts
Armour
 f - a +0 ring mail (worn)
 m - a +0 pair of boots (worn)
Jewellery
 b - an amulet of magic regeneration (around neck)
 k - an amulet of regeneration
Scrolls
 a - a scroll of fog
Potions
 d - a potion of heal wounds
 e - a potion of brilliance {unknown}
 j - a potion of cancellation {unknown}


   Skills:
 * Level 0.8 Fighting
 - Level 1.9 Dodging
 - Level 2.3 Stealth
 + Level 2.8 Spellcasting
 * Level 4.9 Necromancy


You had 6 spell levels left.
You knew the following spells:

 Your Spells              Type           Power      Damage    Failure   Level
a - Pain                  Necr           52%        1d6       9%          1
b - Animate Skeleton      Necr           26%        N/A       9%          1

Your spell library contained the following spells:

 Spells                   Type           Power      Damage    Failure   Level
 Searing Ray              Conj           2%         2d4       67%         2
 Vampiric Draining        Necr           13%        2d6       24%         3
 Magic Dart               Conj           4%         1d3       52%         1
 Shock                    Conj/Air       4%         1d3       52%         1
 Animate Dead             Necr           6%         N/A       63%         4
 Call Imp                 Summ           1%         N/A       67%         2
 Mephitic Cloud           Conj/Pois/Air  1%         N/A       88%         3
 Agony                    Necr           13%        N/A       92%         5


Dungeon Overview and Level Annotations

Branches:
Dungeon (3/15)

Altars:
Vehumet


Innate Abilities, Weirdness & Mutations

You thrive by killing the living.
You are immune to poison.
You have sharp fingernails.
Your flesh is cold resistant. (rC+)
You are immune to negative energy. (rN+++)
You do not regenerate when monsters are visible.
You are immune to unholy pain and torment.


Message History

The gnoll hits your kobold skeleton with a +0 spear. x2
Your kobold skeleton is destroyed!
Aiming: Pain (safe; 9% risk of failure)
Press: ? - help, Q - select action, (/) - cycle Shift-Dir - straight line, f - gnoll
Aim: a gnoll, wielding a +0 spear (chance to affect: 76%)
The gnoll writhes in agony.
Aiming: Pain (safe; 9% risk of failure)
Press: ? - help, Q - select action, (/) - cycle Shift-Dir - straight line, f/p - gnoll
Aim: a gnoll, wielding a +0 spear (lightly wounded, chance to affect: 76%)
The gnoll writhes in agony.
The gnoll hits you but does no damage. The gnoll closely misses you.
The gnoll hits you from afar with a +0 spear.
The gnoll closely misses you. The gnoll barely misses you.
The gnoll hits you but does no damage. The gnoll hits you but does no damage.
The gnoll barely misses you.
The gnoll hits you from afar with a +0 spear.
There is an open door here.
The gnoll hits you with a +0 spear.
You puncture the gnoll! You freeze the gnoll.
The gnoll is almost dead.
The gnoll hits you with a +0 spear.
* * * LOW HITPOINT WARNING * * *
You hit the gnoll. You freeze the gnoll.
You kill the gnoll!
Vehumet accepts your kill.
You feel better. The gnoll closely misses you.
You reach down and open the door.
The gnoll hits you from afar with a +0 spear.
* * * LOW HITPOINT WARNING * * *
There is an open door here.
Aiming: Pain (safe; 9% risk of failure)
Press: ? - help, Q - select action, (/) - cycle Shift-Dir - straight line, f/p - gnoll
Aim: a gnoll, wielding a +0 spear (moderately wounded, chance to affect: 76%)
The gnoll writhes in agony.
The gnoll barely misses you.
The gnoll hits you from afar with a +0 spear.
* * * LOW HITPOINT WARNING * * *
The gnoll hits you from afar with a +0 spear.
You die...

........+..####+###....# #.###
...)....##.####.###.##.######.#
........##.....)..#.##.....##.# #
........'.......#.#.##.....##.###
........#########'#.##.....#.....
..####### #.....##.....#..... ..#
#..gg.##..<........ ..#
+.....##........... ..#
#.@..####.#.##..### ..# +....#
#...##..### ..# #....#
#######...< ..# #....# ##### .P#
#....# #....# ######


You could see 2 gnolls.

Vanquished Creatures
  Jessica (D:2)
  A gnoll (D:3)
  An adder skeleton (D:3)
  A worm (D:2)
  A dart slug (D:1)
  3 ball pythons
  6 endoplasms
  4 giant cockroaches
  2 goblins
  6 hobgoblins
  4 kobolds
  2 quokkas (D:2)
  A bat (D:1)
  A frilled lizard (D:1)
  A quokka zombie (D:3)
  3 rats
38 creatures vanquished.

Vanquished Creatures (collateral kills)
  A kobold (D:1)
1 creature vanquished.

Vanquished Creatures (others)
  A withered plant (D:3)
1 creature vanquished.

Grand Total: 40 creatures vanquished

Notes
Turn   | Place    | Note
-------+----------+-------------------------------------------
     0 | D:1      | Cheeritup the Ghoul Necromancer began the quest for the
                  | Orb.
     0 | D:1      | Reached XP level 1. HP: 14/14 MP: 2/2
    29 | D:1      | Learned a level 1 spell: Animate Skeleton
   163 | D:1      | Reached XP level 2. HP: 9/20 MP: 4/4
   704 | D:1      | Found a faded altar of an unknown god.
   712 | D:1      | Prayed at the altar of an unknown god.
   712 | D:1      | Became a worshipper of Vehumet
   712 | D:1      | Reached * piety under Vehumet
   712 | D:1      | Offered knowledge of Shock by Vehumet.
   970 | D:2      | Learned a level 1 spell: Shock
  1003 | D:2      | Reached XP level 3. HP: 26/26 MP: 5/5
  1010 | D:2      | Identified the +5 spear of Peril {freeze, Fly rF+ Will-
                  | rCorr}
  1024 | D:2      | Noticed Jessica
  1034 | D:2      | Learned a level 1 spell: Animate Skeleton
  1036 | D:2      | Killed Jessica
  1252 | D:2      | Reached XP level 4. HP: 31/33 MP: 7/7
  1524 | D:3      | Learned a level 1 spell: Animate Skeleton
  1803 | D:3      | Offered knowledge of Searing Ray by Vehumet.
  1865 | D:3      | Slain by a gnoll

Illustrated notes

Levels and vault maps discovered:
D:1:      minmay_arrival_up_and_down, layout_rooms,
          shapermc_ecumenical_altar_mp_highgroup, serial_bayou_pond_a
D:2:      layout_basic, uniq_jessica
D:3:      layout_basic, serial_undead, serial_undead_f, serial_undead_e,
          serial_undead_c, serial_undead_e, serial_undead_e, serial_undead_b,
          serial_undead_b

Skill      XL: |  1 |
---------------+----+-----
Spellcasting   | 2 |  2.8
Fighting       | |  0.8
Dodging        | |  1.9
Stealth        | |  2.3
Necromancy     | |  4.9

Action                   |  1- 3 |  4- 6 || total
-------------------------+-------+-------++-------
Melee: Unarmed           |    57 |       ||    57
       Dagger            |     4 |       ||     4
       Spear             |    12 |    28 ||    40
 Cast: Pain              |    11 |     4 ||    15
       Animate Skeleton  |     2 |     1 ||     3
  Use: Scroll            |     2 |     4 ||     6
Armor: Robe              |    13 |       ||    13
       Ring mail         |    22 |    18 ||    40
Dodge: Dodged            |    55 |    20 ||    75

Table legend: (Time is in decaauts)
 A = Elapsed time spent in this place.
 B = Non-inter-level travel time spent in this place.
 C = Inter-level travel time spent in this place.
 D = Time resting spent in this place.
 E = Time spent auto-exploring this place.
 F = Levels seen in this place.
 G = Mean time per level.
                   A        B        C        D        E       F      G
               +--------+--------+--------+--------+--------+-----+--------+
         Total |   1868 |   1844 |     24 |    200 |   1034 |   3 |  622.7 |
       Dungeon |   1868 |   1844 |     24 |    200 |   1034 |   3 |  622.7 |
               +--------+--------+--------+--------+--------+-----+--------+

Top non-repeatable levels by time:
     D:1: 794 daAuts
     D:2: 644 daAuts
     D:3: 429 daAuts
